 Dungeon Crawl Stone Soup version 0.31.0-9-g3a7656b989 (webtiles) character file.

Game seed: 1421927439094695278

45029 Curundu the Severer (level 13, -1/169 (178) HPs)
             Began as a Minotaur Berserker on Jan 24, 2024.
             Was an Elder of Trog.
             Succumbed to a naga mage's bolt of poison
             ... on level 14 of the Dungeon.
             The game lasted 01:08:17 (15735 turns).

Curundu the Severer (Minotaur Berserker)           Turns: 15735, Time: 01:08:18

HP:   -1/169 (178)  AC: 22    Str: 25    XL:     13   Next: 99%
MP:   12/12         EV: 15    Int:  4    God:    Trog [****..]
Gold: 1547          SH: 18    Dex: 12    Spells: 12/12 levels left

rFire   . . .        r - +6 war axe (heavy)
rCold   + . .        J - +2 kite shield {rC+}
rNeg    . . .        a - +0 plate armour
rPois   .            (helmet restricted)
rElec   .            w - +1 cloak
rCorr   .            H - +0 pair of gloves
SInv    +            P - +0 pair of boots
Will    ++...        y - amulet of reflection Stlth
                     k - +5 ring of evasion
HPRegen 1.48/turn    c - ring of see invisible
MPRegen 0.13/turn

%: reflection
@: berserking (expiring), lethally poisoned (-1 -> -6), strong-willed
(expiring), regenerating (expiring), studying Maces & Flails, drained, very
quick
A: horns 2, retaliatory headbutt
a: Renounce Religion, Berserk, Trog's Hand, Brothers in Arms


You were on level 14 of the Dungeon.
You worshipped Trog.
Trog was greatly pleased with you.
You visited 1 branch of the dungeon, and saw 14 of its levels.
You also visited: Sewer and Ice Cave.

You collected 1547 gold pieces.

Inventory:

Hand Weapons
 r - a +6 heavy war axe (weapon)
 G - a +4 glaive of flaming
 I - a +9 hand axe of flaming
Missiles
 g - 2 silver javelins
 u - 4 boomerangs (quivered)
 Q - 9 javelins
Armour
 a - a +0 plate armour (worn)
 w - a +1 cloak (worn)
 H - a +0 pair of gloves (worn)
 J - a +2 kite shield of cold resistance (worn)
 P - a +0 pair of boots (worn)
Jewellery
 c - a ring of see invisible (right hand)
 j - a ring of protection from cold
 k - a +5 ring of evasion (left hand)
 p - a ring of fire
 y - an amulet of reflection (around neck)
 B - a ring of willpower
 N - an amulet of faith
 R - the ring "Gohyime" {Ice Int+5}
   (You found it on level 14 of the Dungeon)

   [ring of ice]

   Ice:       It enhances your ice magic.
   Int+5:     It affects your intelligence (+5).
   rF-:       It makes you vulnerable to fire.
   rC+:       It protects you from cold.
Wands
 i - a wand of flame (8)
 x - a wand of paralysis (22)
 A - a wand of polymorph (12)
 D - a wand of quicksilver (9)
 S - a wand of iceblast (7)
Scrolls
 f - 7 scrolls of teleportation
 n - a scroll of brand weapon
 o - 2 scrolls of fear
 t - 5 scrolls of vulnerability
 v - 6 scrolls of identify
 F - 3 scrolls of blinking
 K - a scroll of poison
 M - 2 scrolls of amnesia
Potions
 b - a potion of resistance
 d - a potion of berserk rage
 e - 3 potions of brilliance
 h - 2 potions of curing
 l - 3 potions of attraction
 m - 3 potions of lignification
 q - 5 potions of enlightenment
 s - 2 potions of haste
 z - 2 potions of might
 C - a potion of magic
 E - 2 potions of mutation
 L - 2 potions of ambrosia {unknown}
 O - 2 potions of heal wounds {unknown}


   Skills:
 + Level 12.6 Fighting
 + Level 16.4(16.8) Axes
 - Level 5.9(12.2) Polearms
 - Level 1.2 Throwing
 + Level 14.3 Armour
 * Level 8.8 Dodging
 - Level 1.5 Stealth
 + Level 11.5 Shields


You had 12 spell levels left.
You didn't know any spells.
Your spell library was empty.

Dungeon Overview and Level Annotations

Branches:
Dungeon (14/15)            Temple (0/1) D:6            Lair (0/5) D:9
    Orc (0/2) D:9          Vaults (0/5) D:13          Sewer (visited)
  IceCv (visited)

Altars:
Cheibriados
Dithmenos
Elyvilon
Gozag
Kikubaaqudgha
Makhleb
Nemelex Xobeh
Qazlal
Ru
Sif Muna
Trog
Wu Jian
Xom
Zin

Shops:
D:4 ?   D:8 ?

Annotations:
D:14 3 runed translucent doors, ggggg's ghost, journeyman MiFi


Innate Abilities, Weirdness & Mutations

You have a pair of horns on your head.
You reflexively headbutt those who attack you in melee.


Message History

The vampire mage casts a spell at you. The bolt of negative energy hits you!!
You feel drained.
* * * LOW HITPOINT WARNING * * *
The laughing skull gibbers with scorn.
The bolt of negative energy misses you.
You feel very sick. The naga mage spits poison at you.
You block the splash of poison... and reflect it back!
The splash of poison hits the naga mage.
The laughing skull headbutts you but does no damage.
You block the vampire mage's attack.
The vampire mage bites you but does no damage.
Items here: ))) [[[ ††.
You chop the naga mage into pieces!!!
You kill the naga mage!
Trog accepts your kill.
Trog appreciates your killing of a magic user.
You miss the laughing skull. You slash the ogre mage!
You slice the vampire mage!!
You feel very sick.
The ogre mage hits you with a +0 heavy halberd.
* * * LOW HITPOINT WARNING * * *
The laughing skull cackles spitefully.
The bolt of negative energy misses you.
You barely miss the vampire mage.
The vampire mage is moderately damaged.
You hit the laughing skull. You slice the ogre mage!!
You feel very sick. The vampire mage hits you.
* * * LOW HITPOINT WARNING * * *
You block the vampire mage's attack. The laughing skull headbutts you!
* * * LOW HITPOINT WARNING * * *
You closely miss the vampire mage. You headbutt the vampire mage.
The vampire mage is heavily damaged.
You slash the laughing skull! You slash the ogre mage!
Your surroundings suddenly seem different.
You feel the effects of Trog's Hand fading.
* * * LOW HITPOINT WARNING * * *
You feel very sick.
You die...

####### .......### ###
.....#.).### #..
#≈...#...####.#
#§#..##....#.######
§§#≈###≈..####.#....[.#
§§§.#≈###.## #........#
##...§ #≈..###...######.#
..##..###≈..##.@........#
8...#.. ##........######
..8.#.Z##≈.###.......<#
#≈...#zV##.####.#.#.###
#.8.#))).......#.#.#
#≈...#O≈##........#.#####
##8.#..##≈..............###
#≈..#.. ##..........#.....#
##.#..###≈............#...#


There were no monsters in sight!

Vanquished Creatures
  2 slime creatures (D:14)
  Nessos (D:13)
  Azrael (D:13)
  2 minotaurs (D:14)
  Snorg (D:14)
  Erolcha (D:12)
  2 hydras (D:14)
  2 ogre magi (D:14)
  3 two-headed ogres
  2 centaur warriors (D:13)
  2 boulder beetles
  3 tengu warriors (D:14)
  4 death yaks (D:14)
  Sonja (D:13)
  A shadow wraith (D:13)
  4 skeletal warriors (D:13)
  Lodul (D:14)
  An orc knight (D:11)
  2 deep elf zephyrmancers (D:14)
  An ugly thing (D:11)
  2 manticores
  6 cyclopes
  A naga mage (D:14)
  A meliai (shapeshifter) (D:13)
  An eye of devastation (shapeshifter) (D:13)
  6 orange demons
  A gargoyle (D:11)
  3 unseen horrors
  A cane toad (shapeshifter) (D:13)
  9 yaktaurs (D:14)
  3 red devils
  5 trolls
  Sigmund (D:4)
  A water elemental (D:14)
  A centaur simulacrum (D:14)
  3 wyverns
  2 wraiths
  A vampire (D:10)
  A fire elemental (D:13)
  24 yaks
  A basilisk (D:12)
  2 steam dragons
  5 vampire mosquitoes (D:12)
  A death yak simulacrum (IceCv)
  3 water moccasins
  A water moccasin (shapeshifter) (D:13)
  5 hell hounds (D:13)
  A sky beast (D:7)
  5 orc warriors
  3 ice beasts
  2 black bears
  2 crocodiles (Sewer)
  10 ogres
  The ghost of zazu2006 the Protected, an amateur GnWn (D:3)
  3 centaurs
  A phantom (D:5)
  4 kobold brigands
  4 bullfrogs
  2 gnoll sergeants
  5 scorpions
  3 two-headed ogre simulacra (IceCv)
  23 wights
  An elephant simulacrum (IceCv)
  19 killer bees
  2 howler monkeys
  An electric eel (D:7)
  2 hounds (D:7)
  4 jellies
  An orc priest (D:9)
  A sleepcap (D:4)
  6 iguanas
  3 orc wizards
  A malarious merfolk avatar (Sewer)
  A sickly merfolk siren (Sewer)
  A polar bear simulacrum (IceCv)
  6 spriggan simulacra (IceCv)
  3 troll simulacra (IceCv)
  A wolf simulacrum (IceCv)
  10 adders
  25 gnolls
  3 river rats
  7 naga simulacra (IceCv)
  2 shadow imps
  18 white imps
  6 ufetubi
  2 dart slugs
  5 ribbon worms
  28 orcs
  11 ball pythons
  8 bats
  12 endoplasms
  4 giant cockroaches
  10 goblins
  11 hobgoblins
  7 quokkas
  9 frilled lizards
  24 kobolds
  19 rats
471 creatures vanquished.

Notes
Turn   | Place    | Note
-------+----------+-------------------------------------------
     0 | D:1      | Curundu the Minotaur Berserker began the quest for the Orb.
     0 | D:1      | Reached XP level 1. HP: 19/19 MP: 0/0
   102 | D:1      | Reached XP level 2. HP: 25/27 MP: 1/1
   116 | D:1      | Reached skill level 4 in Axes
   437 | D:1      | Reached ** piety under Trog
   767 | D:2      | Reached XP level 3. HP: 27/33 MP: 2/2
   896 | D:2      | Found an ornate altar of the Wu Jian Council.
  1263 | D:3      | Reached XP level 4. HP: 41/41 MP: 3/3
  1318 | D:3      | Reached skill level 5 in Axes
  1407 | D:3      | Found a stormy altar of Qazlal.
  1745 | D:3      | Noticed a scorpion
  1746 | D:3      | Found a runed translucent gate.
  1746 | D:3      | Found a runed translucent gate.
  1746 | D:3      | Found a runed translucent gate.
  1750 | D:3      | Killed a scorpion
  1751 | D:3      | Reached XP level 5. HP: 35/47 MP: 4/4
  1751 | D:3      | Noticed zazu2006's ghost (amateur GnWn)
  1822 | D:3      | Killed zazu2006's ghost
  1823 | D:3      | Reached skill level 6 in Axes
  2086 | D:4      | Reached XP level 6. HP: 51/55 MP: 5/5
  2189 | D:4      | Found Buugiu's Magic Scroll Emporium.
  2243 | D:4      | Reached *** piety under Trog
  2300 | D:4      | Reached skill level 5 in Fighting
  2370 | D:4      | Found an ancient bone altar of Kikubaaqudgha.
  2726 | D:4      | Noticed Sigmund
  2734 | D:4      | Killed Sigmund
  2735 | D:4      | Reached skill level 7 in Axes
  2735 | D:4      | Reached XP level 7. HP: 61/61 MP: 6/6
  2830 | D:5      | Entered Level 5 of the Dungeon
  2989 | D:5      | Reached skill level 5 in Armour
  3286 | D:5      | Reached skill level 8 in Axes
  3381 | D:6      | Found a sacrificial altar of Ru.
  3387 | D:6      | Reached XP level 8. HP: 55/70 MP: 7/7
  3478 | D:6      | Reached skill level 9 in Axes
  3535 | D:6      | Found a staircase to the Ecumenical Temple.
  3608 | D:6      | Found a burning altar of Makhleb.
  3856 | D:6      | Reached **** piety under Trog
  3901 | D:6      | Found a glowing drain.
  3907 | Sewer    | Entered a sewer
  4051 | Sewer    | Reached skill level 10 in Axes
  4125 | Sewer    | Reached skill level 1 in Stealth
  4383 | D:6      | Reached XP level 9. HP: 79/79 MP: 8/8
  4563 | D:6      | Found a glowing silver altar of Zin.
  4571 | D:6      | Found a shimmering altar of Xom.
  4679 | D:7      | Found a snail-covered altar of Cheibriados.
  4937 | D:7      | Reached skill level 11 in Axes
  4944 | D:7      | Reached ***** piety under Trog
  4945 | D:7      | Reached skill level 1 in Shields
  5209 | D:7      | Found an opulent altar of Gozag.
  6155 | D:8      | Found Onwoshu's Magic Scroll Shop.
  6180 | D:8      | Reached skill level 1 in Throwing
  6354 | D:8      | Found a white marble altar of Elyvilon.
  6410 | D:8      | Received a gift from Trog
  6411 | D:8      | Reached XP level 10. HP: 84/90 MP: 9/9
  6426 | D:8      | Reached skill level 12 in Axes
  6845 | D:9      | Reached skill level 1 in Polearms
  6907 | D:9      | Reached skill level 10 in Armour
  7473 | D:9      | Found a staircase to the Orcish Mines.
  7669 | D:9      | Found a staircase to the Lair.
  7689 | D:9      | Reached skill level 5 in Polearms
  7919 | D:9      | Found a sparkling altar of Nemelex Xobeh.
  8065 | D:9      | Found a bloodstained altar of Trog.
  8151 | D:10     | Entered Level 10 of the Dungeon
  8272 | D:10     | Reached XP level 11. HP: 97/97 MP: 10/10
  8284 | D:10     | Found the +4 robe of Augmentation {Str+4 Int+4 Dex+4}
  8841 | D:9      | Reached skill level 5 in Dodging
  9013 | D:9      | Reached skill level 5 in Shields
  9198 | D:10     | Reached skill level 13 in Axes
  9246 | D:10     | Found an ornate altar of the Wu Jian Council.
  9360 | D:10     | Found a shimmering blue altar of Sif Muna.
  9638 | D:11     | Noticed a two-headed ogre
  9647 | D:11     | Killed a two-headed ogre
  9655 | D:11     | Reached skill level 10 in Fighting
  9884 | D:11     | Received a gift from Trog
  9907 | D:11     | Noticed a green ugly thing
  9918 | D:11     | Killed a green ugly thing
 10092 | D:11     | Noticed a two-headed ogre
 10099 | D:11     | Killed a two-headed ogre
 10504 | D:11     | Noticed an orc knight
 10516 | D:11     | Killed an orc knight
 10517 | D:11     | Reached skill level 14 in Axes
 10517 | D:11     | Reached XP level 12. HP: 102/107 MP: 11/11
 11202 | D:12     | Noticed Erolcha
 11213 | D:12     | Killed Erolcha
 11389 | D:12     | Found a frozen archway.
 11420 | IceCv    | Entered an ice cave
 11676 | IceCv    | Received a gift from Trog
 12550 | D:13     | Noticed a centaur warrior
 12559 | D:13     | Killed a centaur warrior
 12731 | D:13     | Noticed Sonja
 12737 | D:13     | Killed Sonja
 12738 | D:13     | Reached skill level 15 in Axes
 12869 | D:13     | Noticed Azrael
 12869 | D:13     | Noticed a two-headed ogre
 12897 | D:13     | Killed a two-headed ogre
 12897 | D:13     | Noticed Nessos
 12906 | D:13     | Killed Nessos
 13048 | D:13     | Noticed a centaur warrior
 13051 | D:13     | Found a shadowy altar of Dithmenos.
 13055 | D:13     | Killed a centaur warrior
 13148 | D:13     | Killed Azrael
 13165 | D:13     | Noticed a boulder beetle
 13249 | D:13     | Killed a boulder beetle
 13655 | D:13     | Reached XP level 13. HP: 116/116 MP: 12/12
 13674 | D:13     | Found a gate to the Vaults.
 14112 | D:14     | Found a runed translucent gate.
 14112 | D:14     | Found a runed translucent gate.
 14112 | D:14     | Found a runed translucent gate.
 14114 | D:14     | Noticed a quicksilver ooze
 14115 | D:14     | Noticed a rockslime
 14116 | D:14     | Noticed ggggg's ghost (journeyman MiFi)
 14116 | D:14     | Noticed an acid blob
 14116 | D:14     | Noticed a rockslime
 14116 | D:14     | Noticed an acid blob
 14160 | D:14     | Noticed Snorg
 14179 | D:14     | Killed Snorg
 14234 | D:14     | Noticed Lodul
 14239 | D:14     | Killed Lodul
 14809 | D:14     | Reached skill level 10 in Shields
 15096 | D:14     | Reached skill level 16 in Axes
 15172 | D:14     | Noticed a minotaur
 15191 | D:14     | Killed a minotaur
 15196 | D:14     | Identified the +2 robe of Waupol Serch {Regen+ Int+5
                  | Archmagi}
 15219 | D:14     | Identified the ring "Gohyime" {Ice Int+5}
 15233 | D:14     | Noticed a minotaur
 15243 | D:14     | Killed a minotaur
 15733 | D:14     | HP: 4/169 [laughing skull[a vampire mage] (7)]
 15734 | D:14     | HP: 1/169 [poisoned by a naga mage (bolt of poison)]
 15735 | D:14     | Succumbed to a naga mage's bolt of poison

Illustrated notes

Levels and vault maps discovered:
D:1:      minmay_arrival_four_circles, layout_loops_ring, chequers_mini_garden
D:2:      layout_rooms, basic_altar, nrook_campfire
D:3:      layout_rooms, lemuel_coloured_pillars_altar, ebering_ghost_rock_garden
D:4:      layout_loops_ring, mainiacjoe_overflow_24_doors, serial_shops, shop,
          uniq_sigmund
D:5:      layout_rooms
D:6:      layout_cave_pools, nicolae_ru_sacrificial_ziggurat, minitemple,
          minmay_temple_entry_gardened_gates, lightli_sewer_entry_pipes,
          grunt_ministairs_11, nicolae_houndstooth_variations
D:7:      layout_basic, lemuel_tele_altar, old_standard_altar,
          nicolae_lava_and_water
D:8:      layout_basic, nicolae_elyvilon_temple_path, serial_shops,
          nicolae_shop_window_shopping, serial_glass, glass_columns_b,
          glass_columns_a, glass_columns_a, glass_columns_a, glass_columns_a,
          glass_columns_a, glass_columns_b, glass_columns_a
D:9:      layout_roguey, nemelex_diamond_rough_becter, bloody_trog,
          grunt_lair_entry_orc_guard_hut, david_orc_2,
          nicolae_concentric_dashed_squares_mild
D:10:     layout_basic, nicolae_wu_jian_wuxing_cycle, led_sif_book,
          minmay_beelzebubs_servants
D:11:     cheibrodos_orc_bank, layout_stronghold
D:12:     layout_basic, portal_ice_cave_entry_imps, uniq_erolcha
D:13:     layout_roguey, david_vaults_4, nicolae_dithmenos_shadow_blocks,
          uniq_nessos, uniq_azrael, uniq_sonja
D:14:     fort_yaktaur, layout_basic, kennysheep_nondescript, serial_glass,
          glass_columns_c, glass_columns_c, item_on_display_b,
          gammafunk_ghost_ooze, st_stairs_9, minmay_guarded_unrand_prune,
          uniq_lodul, uniq_snorg

Skill      XL: |  1  2  3  4  5  6  7  8  9 10 11 12 13 |
---------------+----------------------------------------+-----
Axes           | 4 5 6 7 8 10 11 12 14 15 16 | 16.4
Fighting       | 4 5 6 7 8 9 10 11 12 | 12.6
Armour         | 3 4 6 7 9 10 12 13 14 | 14.3
Dodging        | 3 4 5 6 8 |  8.8
Stealth        | 1 |  1.5
Shields        | 2 3 6 9 11 | 11.5
Throwing       | 1 |  1.2
Polearms       | 5 |  5.9

Action                     |  1- 3 |  4- 6 |  7- 9 | 10-12 | 13-15 || total
---------------------------+-------+-------+-------+-------+-------++-------
  Melee: Hand axe          |    78 |    79 |   243 |    12 |     5 ||   417
         Headbutt          |     6 |     9 |    33 |    97 |    50 ||   195
         Punch             |       |       |     3 |     1 |       ||     4
         Glaive            |       |       |       |    84 |       ||    84
         War axe           |       |       |       |   387 |   172 ||   559
  Throw: Javelin           |       |       |     4 |       |       ||     4
         Boomerang         |       |       |       |    35 |       ||    35
 Invoke: Trog's Hand       |       |     2 |     3 |    10 |     6 ||    21
         Berserk           |       |     2 |     1 |     6 |     4 ||    13
    Use: Scroll            |     7 |     4 |     6 |    10 |     2 ||    29
 Armour: Animal skin       |    10 |       |       |       |       ||    10
         Chain mail        |    28 |    41 |   152 |    83 |       ||   304
         Plate armour      |       |       |       |   259 |   107 ||   366
  Dodge: Dodged            |    78 |    60 |   239 |   349 |    80 ||   806
         Repelled          |       |     1 |     2 |       |       ||     3
  Block: Other             |       |       |    30 |    45 |       ||    75
         Reflection        |       |       |     2 |    18 |    14 ||    34
         Buckler           |       |       |       |   159 |       ||   159
         Kite shield       |       |       |       |    92 |   181 ||   273
